 Dungeon Crawl Stone Soup version 0.23-a0-49-gd9f7a49 (webtiles) character file.

15773 iamserjio the Cleaver (level 12, -8/120 HPs)
             Began as a Gargoyle Berserker on Aug 6, 2018.
             Was a High Priest of Trog.
             Mangled by an Ice Fiend (24 damage)
             ... created by the power of Zot
             ... on level 2 of the Spider Nest.
             The game lasted 00:33:04 (4264 turns).

iamserjio the Cleaver (Gargoyle Berserker)          Turns: 4264, Time: 00:33:04

Health: -8/120     AC: 24    Str: 28    XL:     12   Next: 30%
Magic:  12/12      EV:  6    Int:  9    God:    Trog [*****.]
Gold:   660        SH: 11    Dex: 17    Spells: 11/11 levels left

rFire    . . .     SeeInvis .   E - +2 war axe (venom)
rCold    + . .     Gourm    .   T - +0 shield
rNeg     + . .     Faith    .   r - +0 plate armour
rPois    ∞         Spirit   .   u - +1 hat
rElec    +         Reflect  .   (no cloak)
rCorr    .         Harm     .   (no gloves)
MR       +++..                  (no boots)
Stlth    ..........             R - amulet "Qivydor" {Acrobat Dex+6}
HPRegen  1.30/turn              t - ring of protection from cold
MPRegen  0.13/turn              p - ring of protection from magic

@: berserking, regenerating, very quick
A: negative energy resistance 1, electricity resistance, unbreathing,
petrification resistance, rot immunity, AC +8
a: Berserk, Trog's Hand, Brothers in Arms, Renounce Religion


You were on level 2 of the Spider Nest.
You worshipped Trog.
Trog was extremely pleased with you.
You were near starving.

You visited 3 branches of the dungeon, and saw 15 of its levels.
You also visited: Labyrinth and Ossuary.

You collected 774 gold pieces.
You spent 114 gold pieces at shops.

Inventory:

Hand Weapons
 j - a +2 mace of protection
 w - a +0 war axe
 D - a +1 mace of venom
 E - a +2 war axe of venom (weapon)
 N - a +1 mace of protection
 Q - a +2 hand axe of flaming
 U - a +2 battleaxe of chopping
Missiles
 S - 11 silver javelins (quivered)
Armour
 d - a +0 helmet
 r - a +0 plate armour (worn)
 u - a +1 hat (worn)
 I - a +1 leather armour of cold resistance
 T - a +0 shield (worn)
Jewellery
 p - a ring of protection from magic (right hand)
 t - a ring of protection from cold (left hand)
 x - an uncursed ring of fire
 A - an uncursed ring of protection from fire
 R - the amulet "Qivydor" (around neck) {Acrobat Dex+6}
   (You took it off a minotaur in a labyrinth)

   [amulet of the acrobat]

   It helps you evade while moving and waiting.
   It affects your dexterity (+6).
Wands
 G - a wand of polymorph (3)
 P - a wand of digging (12)
 V - a wand of iceblast (26)
 X - a wand of acid (10)
Scrolls
 f - 3 scrolls of immolation
 g - 3 scrolls of remove curse {@r2}
 k - 2 scrolls of amnesia
 m - 4 scrolls of teleportation
 q - 4 scrolls of fog
 y - a scroll of enchant weapon
 C - a scroll of blinking
 F - a scroll of fear {unknown}
Potions
 v - 6 potions of curing {@q1}
 z - 2 potions of brilliance
 B - 2 potions of flight
 J - a potion of haste
 L - a potion of heal wounds
 M - a potion of berserk rage {unknown}
 O - a potion of resistance
 Y - a potion of agility {unknown}
Comestibles
 c - 22 rations
 W - 5 chunks of flesh


   Skills:
 + Level 11.0 Fighting
 * Level 12.5 Axes
 + Level 10.7 Armour
 - Level 1.5 Dodging
 * Level 4.4 Shields


You had 11 spell levels left.
You didn't know any spells.
Your spell library contained the following spells:

 Spells                   Type           Power        Failure   Level  Hunger
 Cause Fear               Hex            #.........   100%        4    #####..
 Magic Dart               Conj           #...         100%        1    ##.....
 Apportation              Tloc           #.....       100%        1    ##.....
 Confuse                  Hex            #.......     100%        3    ####...
 Invisibility             Hex            #.......     100%        6    #######
 Throw Frost              Conj/Ice       #.....       100%        2    ###....
 Controlled Blink         Tloc           N/A          100%        8    #######
 Summon Small Mammal      Summ           #...         100%        1    ##.....
 Iskenderun's Mystic Bla  Conj           #.......     100%        4    #####..
 Animate Skeleton         Necr           N/A          100%        1    ##.....
 Freeze                   Ice            #...         100%        1    ##.....
 Summon Ice Beast         Ice/Summ       #.......     100%        4    #####..
 Ozocubu's Armour         Chrm/Ice       #.......     100%        3    ####...
 Tukima's Dance           Hex            #.......     100%        3    ####...
 Deflect Missiles         Chrm/Air       #.........   100%        6    #######
 Throw Icicle             Conj/Ice       #.......     100%        4    #####..
 Confusing Touch          Hex            #.....       100%        1    ##.....
 Ensorcelled Hibernation  Hex/Ice        #.....       100%        2    ###....
 Metabolic Englaciation   Hex/Ice        #.........   100%        5    ######.
 Summon Butterflies       Summ           #.......     100%        1    ##.....
 Silence                  Hex/Air        #.........   100%        5    ######.
 Dispersal                Tloc           #.........   100%        6    #######
 Corona                   Hex            #......      100%        1    ##.....
 Alistair's Intoxication  Tmut/Pois      #.......     100%        5    ######.
 Portal Projectile        Hex/Tloc       #.....       100%        3    ####...
 Petrify                  Tmut/Erth      #.......     100%        4    #####..
 Disjunction              Tloc           #.........   100%        8    #######
 Fulminant Prism          Conj/Hex       #.........   100%        4    #####..
 Dazzling Spray           Conj/Hex       #.....       100%        3    ####...
 Force Lance              Conj/Tloc      #.......     100%        4    #####..
 Searing Ray              Conj           #.....       100%        2    ###....
 Discord                  Hex            #.........   100%        8    #######
 Gell's Gravitas          Tloc           #.........   100%        3    ####...
 Yara's Violent Unravell  Hex/Tmut       #.........   100%        5    ######.
 Lesser Beckoning         Tloc           #.........   100%        3    ####...


Dungeon Overview and Level Annotations

Branches:
Dungeon (11/15)            Temple (0/1) D:7            Lair (2/6) D:10
 Spider (2/4) Lair:2
  Swamp: Lair:2-4    Shoals: Lair:2-4       Orc: D:9-12

Altars:
Fedhas
Gozag
Makhleb
Qazlal
Wu Jian
Yredelemnul

Shops:
D:5 ?


Innate Abilities, Weirdness & Mutations

You are resistant to torment.
Your stone body is resilient. (AC +8)
You are immune to poison.
You resist negative energy. (rN+)
You are resistant to electric shocks. (rElec)
You can survive without breathing.
You are immune to petrification.
You are immune to rotting.


Message History

The demonic crawler barely misses you. You block the demonic crawler's attack.
A jumping spider comes into view.
The jumping spider leaps!
A redback comes into view.
You slash the Ice Fiend!
The Ice Fiend is moderately wounded.
You slash the jumping spider!
The jumping spider looks as sick as possible!
You hit the wolf spider.
The wolf spider is poisoned.
You slash the demonic crawler! The wolf spider hits you.
You block the wolf spider's attack. You block the jumping spider's attack.
The jumping spider bites you but does no damage.
The Ice Fiend claws you.
* * * LOW HITPOINT WARNING * * *
The Ice Fiend freezes you! You resist.
* * * LOW HITPOINT WARNING * * *
The Ice Fiend claws you.
* * * LOW HITPOINT WARNING * * *
The Ice Fiend freezes you!! You resist.
You die...

## #...s .
.# .#s# #.
.#.#s#
.#.#ss. .#
...^s#
..##..§##
..#1ss#
##.#@#
#.#.#s.##
#...#..#
...###<#..#
.#.....#.##
#.#.#..###
# ##.# ###


You could see an Ice Fiend, 2 demonic crawlers, 3 wolf spiders, an orb spider
and 3 jumping spiders.

Vanquished Creatures
  A minotaur (Lab)
  A hydra (D:11)
  A two-headed ogre (D:9)
  A wizard (D:6)
  A cyclops (D:11)
  2 orb spiders (Spider:1)
  2 wolf spiders (Spider:1)
  A spiny frog (Lair:2)
  A kobold demonologist (D:11)
  2 komodo dragons (Lair:2)
  A jumping spider (Spider:2)
  A troll (D:8)
  Grinder (D:4)
  2 hippogriffs (D:8)
  4 blink frogs (Lair:2)
  2 dream sheep (D:11)
  3 tarantellas (Spider:1)
  3 redbacks
  A shadow (D:10)
  13 yaks
  A basilisk (Lair:1)
  2 hungry ghosts
  A water moccasin (Lair:1)
  4 orc warriors
  3 sky beasts
  A black bear (D:9)
  A hornet zombie (D:9)
  3 ice beasts
  A necrophage (D:10)
  3 ogres
  A phantom (D:6)
  4 centaurs
  The ghost of seren the Firebug, an amateur DgFE (D:6)
  An elf zombie (Ossuary)
  4 big kobolds (D:11)
  6 bullfrogs
  5 scorpions
  A water moccasin skeleton (D:6)
  3 wights (D:11)
  A crimson imp (D:6)
  A centaur zombie (D:7)
  A human zombie (Ossuary)
  A quasit (D:10)
  5 orc priests
  4 hounds
  2 jellies
  2 gnoll shamans
  A bullfrog skeleton (D:7)
  3 centaur skeletons
  7 worker ants
  An iguana (D:7)
  10 orc wizards
  A big kobold zombie (Ossuary)
  A hound zombie (D:6)
  3 mummies
  An adder (D:7)
  9 gnolls
  2 shadow imps
  An adder skeleton (D:5)
  2 dart slugs (D:3)
  4 worms
  3 leopard geckos
  23 orcs
  2 ball pythons
  3 bats
  3 giant cockroaches
  2 gnoll zombies (Ossuary)
  3 goblins (D:1)
  3 hobgoblins
  11 jackals
  5 quokkas
  3 frilled lizards
  A goblin zombie (Ossuary)
  3 hobgoblin zombies
  11 kobolds
  A kobold zombie (D:4)
  6 orc zombies (Ossuary)
  A quokka skeleton (D:4)
  5 rats
  2 plants
244 creatures vanquished.

Notes
Turn   | Place    | Note
-------+----------+-------------------------------------------
     0 | D:1      | iamserjio the Gargoyle Berserker began the quest for the Orb.
     0 | D:1      | Reached XP level 1. HP: 14/14 MP: 1/1
    30 | D:1      | Reached XP level 2. HP: 19/19 MP: 2/2
    32 | D:1      | Reached skill level 3 in Axes
   162 | D:1      | You fall through a shaft!
   199 | D:2      | You fall through a shaft for 2 floors!
   199 | D:4      | Found a blossoming altar of Fedhas.
   284 | D:3      | Reached XP level 3. HP: 23/23 MP: 3/3
   399 | D:3      | Reached XP level 4. HP: 29/29 MP: 4/4
   402 | D:3      | Reached ** piety under Trog
   444 | D:3      | Reached skill level 4 in Axes
   444 | D:3      | Reached XP level 5. HP: 12/33 MP: 5/5
   518 | D:4      | Found a burning altar of Makhleb.
   572 | D:4      | Noticed Grinder
   586 | D:4      | Killed Grinder
   586 | D:4      | Reached skill level 5 in Fighting
   586 | D:4      | Reached skill level 5 in Axes
   586 | D:4      | Reached XP level 6. HP: 40/40 MP: 6/6
   613 | D:4      | Reached XP level 7. HP: 44/44 MP: 7/7
   702 | D:4      | Found a sand-covered staircase.
   719 | D:4      | HP: 1/44 [mummy (9)]
   730 | Ossuary  | Entered an ossuary
   923 | D:5      | Entered Level 5 of the Dungeon
   924 | D:5      | Found Mofen's Magic Scroll Emporium.
   932 | D:5      | Bought a scroll of teleportation for 36 gold pieces
   932 | D:5      | Bought a scroll of random uselessness for 12 gold pieces
   932 | D:5      | Bought a scroll of amnesia for 42 gold pieces
   932 | D:5      | Bought a scroll of identify for 24 gold pieces
  1150 | D:5      | Reached *** piety under Trog
  1158 | D:5      | Reached skill level 6 in Axes
  1224 | D:6      | Reached skill level 5 in Armour
  1258 | D:6      | Found a runed gate.
  1258 | D:6      | Found a runed gate.
  1261 | D:6      | Found a runed gate.
  1263 | D:6      | Noticed a wizard
  1264 | D:6      | Noticed seren's ghost (amateur DgFE)
  1269 | D:6      | Noticed a yak
  1275 | D:6      | Found an opulent altar of Gozag.
  1282 | D:6      | Reached XP level 8. HP: 51/51 MP: 8/8
  1289 | D:6      | Killed a yak
  1291 | D:6      | Killed seren's ghost
  1305 | D:6      | Killed a wizard
  1305 | D:6      | Reached skill level 7 in Axes
  1366 | D:6      | Reached XP level 9. HP: 36/57 MP: 9/9
  1377 | D:6      | Found a stormy altar of Qazlal.
  1378 | D:6      | Found a blossoming altar of Fedhas.
  1418 | D:6      | Reached skill level 8 in Axes
  1541 | D:6      | Found an ornate altar of the Wu Jian Council.
  2172 | D:8      | Paralysed by fainting for 10 turns
  2203 | D:8      | Reached skill level 9 in Axes
  2265 | D:8      | Reached **** piety under Trog
  2313 | D:7      | Found a staircase to the Ecumenical Temple.
  2334 | D:8      | Reached XP level 10. HP: 42/64 MP: 10/10
  2670 | D:9      | Found a basalt altar of Yredelemnul.
  2692 | D:9      | Noticed a two-headed ogre
  2703 | D:9      | Killed a two-headed ogre
  2703 | D:9      | Reached skill level 10 in Axes
  2959 | D:10     | Entered Level 10 of the Dungeon
  3032 | D:11     | Noticed a cyclops
  3032 | D:11     | Noticed a kobold demonologist
  3043 | D:11     | Killed a cyclops
  3046 | D:11     | Killed a kobold demonologist
  3122 | D:11     | Reached XP level 11. HP: 59/71 MP: 11/11
  3153 | D:11     | Reached skill level 11 in Axes
  3216 | D:11     | Noticed a two-headed hydra
  3234 | D:11     | Killed a two-headed hydra
  3234 | D:11     | Reached skill level 10 in Fighting
  3333 | D:11     | Reached ***** piety under Trog
  3355 | D:11     | Found a labyrinth entrance.
  3371 | Lab      | Entered a labyrinth
  3500 | Lab      | Noticed a minotaur
  3518 | Lab      | Killed a minotaur
  3520 | Lab      | Got a glittering jade amulet
  3530 | Lab      | Identified the amulet "Qivydor" {Acrobat Dex+6} (You took it off a minotaur in a labyrinth)
  3670 | D:11     | Reached skill level 10 in Armour
  3711 | D:10     | Reached skill level 12 in Axes
  3713 | D:10     | Received a gift from Trog
  3728 | D:10     | Found a staircase to the Lair.
  3790 | Lair:1   | Entered Level 1 of the Lair of Beasts
  3911 | Lair:1   | Reached skill level 1 in Shields
  4046 | Lair:2   | Reached XP level 12. HP: 56/79 MP: 12/12
  4066 | Lair:2   | Found a hole to the Spider Nest.
  4111 | Spider:1 | Entered Level 1 of the Spider Nest
  4262 | Spider:2 | Noticed an Ice Fiend
  4264 | Spider:2 | Mangled by an Ice Fiend

Vault maps used:
D:1:      dpeg_arrival_rhombus
D:2:      minmay_hexomino_p4
D:3:      doesnt_xom_only_xom, st_stairs_6, uniq_sigmund
D:4:      overflow_temple_1_default, nicolae_ossuary_entry_giza, fedhas_altar_2,
          uniq_grinder
D:5:      serial_shops, nicolae_shop_crystal, first_ration
D:6:      grunt_temple_overflow_forces_of_nature, lemuel_doored_altar,
          ebering_ghost_gozag, minmay_misc_feat_x
D:7:      temple_doors_ab, serial_shops, shop_statue
D:8:      serial_bayou_pond_b
D:9:      nicolae_whirlpool, lemuel_round_altar, uniq_prince_ribbit1
D:10:     lair_entry_dummy
D:11:     lab_entry_generic, hangedman_ranch, palyth_stone_intersect,
          grunt_decor_clamped, grunt_ministairs_8
Lair:1:   grunt_forest_stairs_basic
Lair:2:   nicolae_spider_entry_non_spiders, small_statue_intersection,
          lemuel_old_faithful
Spider:1: hangedman_spider_tarantella_strand
Spider:2: uniq_kirke
Lab:      labyrinth_watery, nicolae_lab_diamond
Ossuary:  minmay_ossuary_gauntlet

Skill      XL: |  1  2  3  4  5  6  7  8  9 10 11 12 |
---------------+-------------------------------------+-----
Axes           | 3 4 5 6 7 9 10 12 | 12.5
Armour         | 3 4 5 6 7 9 10 | 10.7
Fighting       | 4 5 7 8 9 10 11 | 11.0
Shields        | 2 4 |  4.4
Dodging        | |  1.5

Action                   |  1- 3 |  4- 6 |  7- 9 | 10-12 || total
-------------------------+-------+-------+-------+-------++-------
Melee: Hand axe          |    59 |    57 |   215 |       ||   331
       Flail             |       |       |    30 |       ||    30
       War axe           |       |       |   143 |   430 ||   573
       Mace              |       |       |       |    18 ||    18
Invok: Berserk           |     2 |     2 |     7 |     9 ||    20
       Trog's Hand       |       |     3 |     4 |     6 ||    13
       Brothers in Arms  |       |       |       |     1 ||     1
Evoke: Wand              |       |       |       |     5 ||     5
  Use: Potion            |       |     4 |     1 |     1 ||     6
       Scroll            |       |       |     8 |     5 ||    13
  Eat: Chunk             |       |     2 |    14 |    16 ||    32
       Ration            |       |       |     3 |     2 ||     5
Armor: Animal skin       |    28 |       |       |       ||    28
       Skin              |       |    12 |       |       ||    12
       Chain mail        |       |    16 |    87 |       ||   103
       Plate armour      |       |       |   187 |   388 ||   575
Dodge: Dodged            |    48 |    37 |   148 |   177 ||   410
Block: Shield            |       |       |       |    51 ||    51

Table legend:
 A = Spawn XP
 B = Non-spawn XP
 C = Spawn XP percentage of total XP
 D = Spawn monster count
 E = Non-spawn monster count
 F = Spawn count percentage of total count
 G = Total turns spent on level
                    A         B        C        D         E        F      G
               +---------+---------+-------+---------+---------+-------+---------
         Total |       0 |   22533 |   0.0 |       0 |     242 |   0.0 |  4264
               +---------+---------+-------+---------+---------+-------+---------
           D:1 |       0 |      31 |   0.0 |       0 |      18 |   0.0 |   159
           D:3 |       0 |     194 |   0.0 |       0 |      24 |   0.0 |   243
           D:4 |       0 |     423 |   0.0 |       0 |       9 |   0.0 |   344
           D:5 |       0 |     182 |   0.0 |       0 |      11 |   0.0 |   336
           D:6 |       0 |    1808 |   0.0 |       0 |      19 |   0.0 |   440
           D:7 |       0 |     764 |   0.0 |       0 |      20 |   0.0 |   463
           D:8 |       0 |    1816 |   0.0 |       0 |      20 |   0.0 |   415
           D:9 |       0 |    2352 |   0.0 |       0 |      26 |   0.0 |   382
          D:10 |       0 |    1902 |   0.0 |       0 |      16 |   0.0 |   175
          D:11 |       0 |    5188 |   0.0 |       0 |      33 |   0.0 |   494
        Lair:1 |       0 |     409 |   0.0 |       0 |       3 |   0.0 |   135
        Lair:2 |       0 |    2376 |   0.0 |       0 |      15 |   0.0 |   186
      Spider:1 |       0 |    3069 |   0.0 |       0 |       8 |   0.0 |   145
      Spider:2 |       0 |     313 |   0.0 |       0 |       1 |   0.0 |     8
           Lab |       0 |    1482 |   0.0 |       0 |       3 |   0.0 |   162
       Ossuary |       0 |     224 |   0.0 |       0 |      16 |   0.0 |   125
               +---------+---------+-------+---------+---------+-------+---------
